 Dungeon Crawl Stone Soup version 0.22-a0-480-g991dd4b (webtiles) character file.

23814 Amnesiac the Fetichist (level 12, -15/64 HPs)
             Began as a Spriggan Artificer on June 16, 2018.
             Was an Initiate of Gozag.
             Killed from afar by a deep elf knight (16 damage)
             ... with an orb of energy
             ... on level 13 of the Dungeon.
             The game lasted 00:57:31 (26401 turns).

Amnesiac the Fetichist (Spriggan Artificer)        Turns: 26401, Time: 00:57:32

Health: -15/64     AC:  4    Str: 12    XL:     12   Next: 75%
Magic:  0/25       EV: 27    Int: 15    God:    Gozag
Gold:   2886       SH:  0    Dex: 16    Spells: 11/11 levels left

rFire    + + .     SeeInvis +   a - +0 dagger (venom)
rCold    + . .     Gourm    .   (shield restricted)
rNeg     . . .     Faith    .   r - +2 robe {rC+ rF+}
rPois    +         Spirit   +   (helmet restricted)
rElec    .         Reflect  .   (no cloak)
rCorr    .         Harm     .   (gloves unavailable)
MR       ++...                  (boots unavailable)
Stlth    +++++.....             h - amulet of guardian spirit
HPRegen  0.20/turn              D - ring of protection from fire
MPRegen  0.19/turn              e - +3 ring of intelligence

@: very quick
A: very small, unfitting armour, see invisible, clumsy 1, herbivore, speed 3,
poison resistance, slow metabolism 2, wild magic 1
a: Potion Petition, Call Merchant, Bribe Branch, Renounce Religion


You were on level 13 of the Dungeon.
You worshipped Gozag.
Gozag was most pleased with you.
You were not hungry.

You visited 2 branches of the dungeon, and saw 14 of its levels.

You collected 2978 gold pieces.
You paid 92 gold pieces to Gozag.

Inventory:

Hand Weapons
 a - a +0 dagger of venom (weapon)
 b - a +0 long sword of protection
 u - a +0 hunting sling
 C - the +0 war axe "Nuifezef" {antimagic, rC++}
   (You found it on level 6 of the Dungeon)

   It reduces the magical energy of the wielder, and disrupts the spells and
   magical abilities of those hit.
   Natural abilities and divine invocations are not affected.
   It greatly protects you from cold.
 G - a +1 hand axe of flaming
Missiles
 s - 241 stones (quivered)
 B - 37 sling bullets
 H - a throwing net
Armour
 r - a +2 robe of resistance (worn)
Magical Staves
 E - an uncursed staff of air
Jewellery
 e - a +3 ring of intelligence (right hand)
 h - an amulet of guardian spirit (around neck)
 l - an uncursed ring of flight
 D - a ring of protection from fire (left hand)
Scrolls
 n - 6 scrolls of fog {!r}
 q - 4 scrolls of fear {!r}
 t - a scroll of enchant armour {!r}
 v - 3 scrolls of teleportation {!r}
 w - 4 scrolls of amnesia {!r}
 x - 2 scrolls of remove curse {!r}
 y - 2 scrolls of identify {!r}
 I - a scroll of enchant weapon {!r}
 J - a scroll of vulnerability {!r}
 K - 3 scrolls of magic mapping {!r}
Potions
 d - a potion of invisibility {!q}
 g - a potion of resistance {!q, unknown}
 i - a potion of lignification {!q, unknown}
 j - 4 potions of curing {!q}
 k - 6 potions of heal wounds {!q}
 m - 2 potions of brilliance {!q}
 o - 2 potions of ambrosia {!q}
 p - 2 potions of magic {!q}
 z - 3 potions of might {!q}
 A - a potion of flight {!q}
 F - 2 potions of berserk rage {!q}
Comestibles
 f - 22 rations


   Skills:
 - Level 8.0 Fighting
 - Level 8.0 Short Blades
 + Level 11.1 Dodging
 - Level 12.0 Stealth
 * Level 17.9 Evocations


You had 11 spell levels left.
You didn't know any spells.
Your spell library contained the following spells:

 Spells                   Type           Power        Failure   Level  Hunger
 Bolt of Magma            Conj/Fire/Erth #.........   100%        5    ######.
 Iron Shot                Conj/Erth      #.........   100%        6    #######
 Statue Form              Tmut/Erth      #........    100%        6    #######
 Shatter                  Erth           #.........   100%        9    #######
 Leda's Liquefaction      Hex/Erth       #.........   97%         4    #####..


Dungeon Overview and Level Annotations

Branches:
Dungeon (13/15)            Temple (1/1) D:7            Lair (0/6) D:11
    Orc (0/2) D:10
 Vaults: D:13-14

Altars:
Ashenzari
Cheibriados
Dithmenos
Elyvilon
Fedhas
Gozag
Hepliaklqana
Kikubaaqudgha
Makhleb
Nemelex Xobeh
Okawaru
Qazlal
Ru
Sif Muna
Trog
Uskayaw
Vehumet
Wu Jian
Xom
Yredelemnul
Zin
The Shining One

Portals:
Trove: D:11 (give 2 scrolls of acquirement)


Innate Abilities, Weirdness & Mutations

You are very small and have problems with some larger weapons.
You are too small for most types of armour.
You have supernaturally acute eyesight. (SInv)
You are a herbivore.
You cover ground extremely quickly.
You need to consume almost no food.
You are clumsy. (Dex -2)
Your system is resistant to poisons. (rPois)
Your spells are a little harder to cast, but a little more powerful.


Message History

Key pressed, stopping explore.
s - 241 stones (gained 2)
The deep elf knight is too close now for your liking.
You see here a stone.
You see here an arrow.
The centaur warrior shouts!
You hit the centaur warrior but do no damage.
The centaur warrior unwields an uncursed longbow.
The centaur warrior wields an uncursed falchion.
The centaur warrior barely misses you.
You hit the centaur warrior but do no damage.
The centaur warrior is poisoned.
The centaur warrior completely misses you.
You hit the centaur warrior but do no damage.
The centaur warrior is lightly wounded.
You hit the centaur warrior.
The centaur warrior is lightly wounded.
The centaur warrior completely misses you.
You closely miss the centaur warrior.
The centaur warrior is lightly wounded.
The centaur warrior hits you but does no damage.
You closely miss the centaur warrior.
The centaur warrior is lightly wounded.
The centaur warrior hits you with an uncursed falchion!
You barely miss the centaur warrior.
The centaur warrior is lightly wounded.
The centaur warrior hits you with an uncursed falchion.
You hit the centaur warrior.
The centaur warrior looks as sick as possible!
The centaur warrior is moderately wounded.
The centaur warrior hits you with an uncursed falchion!
You hit the centaur warrior.
The centaur warrior looks as sick as possible!
The centaur warrior is moderately wounded.
You hit the centaur warrior.
The centaur warrior looks as sick as possible!
The centaur warrior is heavily wounded.
The centaur warrior barely misses you.
You hit the centaur warrior.
The centaur warrior looks as sick as possible!
The centaur warrior is heavily wounded.
The centaur warrior hits you with an uncursed falchion!
* * * LOW HITPOINT WARNING * * *
You hit the centaur warrior.
The centaur warrior looks as sick as possible!
The centaur warrior is heavily wounded.
The centaur warrior hits you with an uncursed falchion.
* * * LOW HITPOINT WARNING * * *
You hit the centaur warrior but do no damage.
The centaur warrior looks as sick as possible!
The centaur warrior is heavily wounded.
The centaur warrior hits you with an uncursed falchion!
* * * LOW HITPOINT WARNING * * *
You closely miss the centaur warrior.
The centaur warrior is severely wounded.
The deep elf knight shouts!
The centaur warrior unwields an uncursed falchion.
The centaur warrior wields an uncursed longbow.
The centaur warrior shoots an arrow.
The arrow hits you!!
* * * LOW HITPOINT WARNING * * *
The deep elf knight points at you and mumbles some strange words.
The orb of energy hits you!
You die...
Your body crumbles into a pile of gold.

#. #.#..#.# . ##..)
#..##.#..#.##.. ##..
#.e.(......# ##'
#####.#..#.####### #.
........(........# #.
.......(.......(.# ##.
#####.#..#.#####.###..
#...(......# #..)...
#..##@#..#.##..#####..
#. #.#..#.# # ##. #
$#c##.)##. #..###. ...
#).# .. $ #..... ####
#..# ### #####. #((#
#. $ #(## ####. #(#
#.... #)# ####.##.


You could see a centaur warrior and a deep elf knight.

Vanquished Creatures
  A hydra (D:8)
  An ogre mage (D:13)
  A centaur warrior (D:13)
  7 two-headed ogres
  An unseen horror (D:10)
  Pikel (D:8)
  2 ugly things
  4 deep elf magi (D:13)
  A centaur zombie (D:13)
  2 kobold demonologists (D:9)
  A centaur skeleton (D:12)
  A yaktaur (D:13)
  4 trolls
  3 meliai (D:13)
  Grinder (D:4)
  A hornet (D:13)
  2 dream sheep (D:8)
  6 hippogriffs
  A wraith (D:13)
  The ghost of Amnesiac the Charlatan, an amateur SpAr (D:6)
  9 yaks
  2 humans
  A basilisk (D:12)
  2 wyverns
  A steam dragon (D:12)
  3 vampire mosquitoes (D:12)
  Edmund (D:4)
  A water moccasin (D:9)
  5 orc warriors
  2 porcupines (D:11)
  5 ice beasts
  5 phantoms
  3 ogres
  A slave (D:8)
  2 black bears
  3 necrophages
  4 centaurs
  4 big kobolds
  8 bullfrogs
  2 gnolls (D:5)
  A scorpion (D:8)
  16 killer bees
  2 vampire bats (D:3)
  5 wights
  A howler monkey (D:6)
  2 crimson imps (D:4)
  A bullfrog zombie (D:10)
  A jelly (D:7)
  A quasit (D:10)
  8 orc priests
  A jelly (shapeshifter) (D:13)
  4 hounds
  A bullfrog skeleton (D:9)
  8 orc wizards
  4 iguanas
  Natasha (thrice) (D:2)
  13 worker ants
  3 hound skeletons
  A howler monkey zombie (D:7)
  3 worker ant zombies
  A howler monkey skeleton (D:9)
  13 adders
  3 shadow imps
  3 oozes
  3 adder zombies
  An adder skeleton (D:6)
  3 worms
  A dart slug (D:1)
  5 leopard geckos
  34 orcs
  14 bats
  9 giant cockroaches
  8 goblins
  5 hobgoblins
  6 jackals
  12 kobolds
  4 quokkas
  5 frilled lizards
  A leopard gecko skeleton (D:6)
  7 rats
323 creatures vanquished.

Vanquished Creatures (collateral kills)
  Dowan (D:6)
  A centaur skeleton (D:6)
  A gnoll (D:5)
  A bat (D:6)
  A quokka (D:6)
5 creatures vanquished.

Vanquished Creatures (others)
  Duvessa (D:6)
  3 slaves (D:9)
  An ogre (D:5)
  A quasit (D:6)
  3 bushes (D:7)
  A fungus (D:11)
  2 plants (D:8)
12 creatures vanquished.

Grand Total: 340 creatures vanquished

Notes
Turn   | Place    | Note
-------+----------+-------------------------------------------
     0 | D:1      | Amnesiac the Spriggan Artificer began the quest for the Orb.
     0 | D:1      | Reached XP level 1. HP: 9/9 MP: 4/4
   492 | D:3      | Noticed an orc priest
   493 | D:3      | Killed an orc priest
   493 | D:3      | Reached skill level 5 in Evocations
   493 | D:3      | Reached XP level 2. HP: 14/14 MP: 4/6
   493 | D:3      | Reached XP level 3. HP: 17/17 MP: 5/8
   855 | D:4      | Reached skill level 6 in Evocations
   855 | D:4      | Reached XP level 4. HP: 19/21 MP: 9/9
   876 | D:4      | Noticed an ogre
   885 | D:4      | Killed an ogre
   885 | D:4      | Reached skill level 7 in Evocations
   885 | D:4      | Reached XP level 5. HP: 24/25 MP: 9/11
  1335 | D:5      | Entered Level 5 of the Dungeon
  1395 | D:5      | Noticed an ogre
  1490 | D:5      | Reached skill level 8 in Evocations
  1552 | D:5      | Noticed Edmund
  1567 | D:5      | Noticed Grinder
  1583 | D:5      | HP: 1/25 [orc wizard/magic dart (3)]
  1767 | D:6      | Reached XP level 6. HP: 25/29 MP: 11/13
  2004 | D:6      | Reached skill level 9 in Evocations
  2020 | D:6      | Noticed Amnesiac's ghost (amateur SpAr)
  2150 | D:6      | Noticed Dowan
  2152 | D:6      | Noticed Duvessa
  2159 | D:6      | Killed Dowan
  2168 | D:6      | Your ally died
  2208 | D:6      | Noticed a bullfrog
  2214 | D:7      | Noticed an orc warrior
  2261 | D:7      | Noticed a brown ugly thing
  2325 | D:7      | Found a staircase to the Ecumenical Temple.
  2334 | Temple   | Entered the Ecumenical Temple
  2369 | Temple   | Became a worshipper of Gozag Ym Sagoz the Greedy
  4084 | D:2      | Found a glowing silver altar of Zin.
  4302 | D:2      | Noticed Natasha
  5232 | D:3      | Reached skill level 10 in Evocations
  5268 | D:3      | Reached skill level 1 in Fighting
  5268 | D:3      | Reached XP level 7. HP: 28/33 MP: 15/15
  5759 | D:2      | Killed Natasha
  6228 | D:2      | Found a glowing silver altar of Zin.
  6264 | D:2      | Noticed Natasha
  6271 | D:2      | Killed Natasha
  6278 | D:2      | Noticed Natasha
  6283 | D:2      | Killed Natasha
  8935 | D:5      | Reached XP level 8. HP: 28/42 MP: 12/16
  9187 | D:4      | Killed Grinder
  9364 | D:5      | Reached skill level 11 in Evocations
 10441 | D:6      | Reached skill level 5 in Dodging
 10940 | D:6      | Got a shimmering war axe
 10941 | D:6      | Identified the cursed +0 war axe "Nuifezef" {antimagic, rC++} (You found it on level 6 of the Dungeon)
 11371 | D:7      | Noticed a manticore
 11427 | D:7      | Reached skill level 5 in Fighting
 12210 | D:8      | Noticed a dream sheep
 12210 | D:8      | Noticed a dream sheep
 12620 | D:8      | Reached XP level 9. HP: 47/47 MP: 18/18
 12687 | D:8      | Noticed a two-headed ogre
 12974 | D:8      | Killed a two-headed ogre
 12974 | D:8      | Reached skill level 5 in Short Blades
 13767 | D:8      | Reached skill level 12 in Evocations
 13946 | D:8      | Found an iron altar of Okawaru.
 14089 | D:8      | Reached XP level 10. HP: 47/53 MP: 20/20
 14203 | D:8      | Noticed a three-headed hydra
 14209 | D:8      | Killed a one-headed hydra
 14285 | D:8      | Noticed a two-headed ogre
 14353 | D:8      | Killed a two-headed ogre
 14353 | D:8      | Reached skill level 13 in Evocations
 14667 | D:6      | Killed Amnesiac's ghost
 14820 | D:4      | Killed Edmund
 15363 | D:9      | Noticed Pikel
 15400 | D:8      | Killed Pikel
 15530 | D:9      | Reached skill level 14 in Evocations
 15649 | D:9      | Noticed a rust devil
 15668 | D:9      | Reached skill level 5 in Stealth
 15723 | D:9      | Reached XP level 11. HP: 13/58 MP: 6/22
 16805 | D:9      | Found a stormy altar of Qazlal.
 17300 | D:10     | Entered Level 10 of the Dungeon
 17482 | D:10     | Noticed an unseen horror
 17511 | D:10     | Killed an unseen horror
 17512 | D:10     | Reached skill level 10 in Stealth
 18359 | D:10     | Found a staircase to the Orcish Mines.
 19983 | D:10     | HP: 1/58 [troll (9)]
 20522 | D:11     | Noticed a green ugly thing
 20530 | D:11     | Killed a green ugly thing
 21707 | D:11     | Found a portal to a secret trove of treasure.
 21922 | D:11     | Found a staircase to the Lair.
 22097 | D:11     | Reached skill level 15 in Evocations
 22214 | D:9      | Gained mutation: You are resistant to hostile enchantments. (MR+) [potion of mutation]
 22214 | D:9      | Gained mutation: You tend to lose your temper in combat. [potion of mutation]
 22214 | D:9      | Gained mutation: Your system is resistant to poisons. (rPois) [potion of mutation]
 22399 | D:11     | Lost mutation: You tend to lose your temper in combat. [potion of mutation]
 22399 | D:11     | Lost mutation: You are resistant to hostile enchantments. (MR+) [potion of mutation]
 22399 | D:11     | Gained mutation: You are clumsy. (Dex -2) [potion of mutation]
 22399 | D:11     | Gained mutation: Your spells are a little harder to cast, but a little more powerful. [potion of mutation]
 22588 | D:12     | Noticed a two-headed ogre
 22618 | D:12     | Killed a two-headed ogre
 23403 | D:12     | Noticed a two-headed ogre
 23450 | D:12     | Killed a two-headed ogre
 23450 | D:12     | Reached XP level 12. HP: 47/64 MP: 17/24
 23688 | D:13     | Noticed a two-headed ogre
 23722 | D:13     | Killed a two-headed ogre
 23722 | D:13     | Reached skill level 16 in Evocations
 24623 | D:13     | Noticed a centaur warrior
 24727 | D:13     | Noticed a centaur warrior
 24777 | D:13     | Killed a centaur warrior
 24777 | D:13     | Reached skill level 17 in Evocations
 25339 | D:13     | Reached skill level 10 in Dodging
 25648 | D:13     | Noticed a two-headed ogre
 25648 | D:13     | Noticed an ogre mage
 25781 | D:13     | Noticed a two-headed ogre
 25835 | D:13     | Killed an ogre mage
 26178 | D:13     | Killed a two-headed ogre
 26268 | D:13     | Killed a two-headed ogre
 26401 | D:13     | HP: 1/64 [centaur warrior/arrow (21)]
 26401 | D:13     | Killed from afar by a deep elf knight

Vault maps used:
D:1:      shiori_arrival_oz, minmay_cupped
D:2:      nicolae_overflow_crystal_walls, first_ration, uniq_natasha
D:3:      roderic_batcave
D:5:      minmay_crossroads, uniq_grinder, uniq_edmund
D:6:      uniq_duvessa
D:7:      minmay_temple_entry_overgrown
D:8:      hangedman_ranch, okawaru_humans
D:9:      nicolae_qazlal_eye_of_the_storm, uniq_pikel
D:10:     orc_0_dummy
D:11:     grunt_lair_entry_orc_guard_hut, nicolae_trove_entry_columns
D:12:     roderic_lattice_a, spider_trap, minmay_misc_feat_encased,
          columned_hall_lemuel
D:13:     hangedman_vaults_entry_quadrant_bands
Temple:   nicolae_temple_the_god_donut

Skill      XL: |  1  2  3  4  5  6  7  8  9 10 11 12 |
---------------+-------------------------------------+-----
Short Blades   | 2 8 |  8.0
Evocations     | 5 6 7 8 10 11 12 14 15 17 | 17.9
Fighting       | 1 3 5 7 8 |  8.0
Dodging        | 4 6 7 8 11 | 11.1
Stealth        | 7 12 | 12.0

Action                   |  1- 3 |  4- 6 |  7- 9 | 10-12 || total
-------------------------+-------+-------+-------+-------++-------
Melee: Short sword       |    58 |   233 |   176 |       ||   467
       Dagger            |       |    12 |   160 |  1051 ||  1223
       War axe           |       |       |   100 |       ||   100
       Long sword        |       |       |    72 |   218 ||   290
       Hand axe          |       |       |       |     3 ||     3
 Fire: Hunting sling     |       |    35 |   367 |     7 ||   409
Throw: Stone             |       |       |       |     6 ||     6
Evoke: Wand              |     6 |    39 |       |    18 ||    63
  Use: Scroll            |       |    13 |     5 |     9 ||    27
       Potion            |       |     2 |       |     5 ||     7
 Stab: Confused          |       |     2 |       |       ||     2
       Sleeping          |       |     7 |     1 |    27 ||    35
       Distracted        |       |     1 |     4 |    13 ||    18
       Paralysed         |       |       |       |     8 ||     8
  Eat: Ration            |       |     1 |     5 |     8 ||    14
Armor: Robe              |     4 |    37 |    40 |    76 ||   157
Dodge: Dodged            |    76 |   365 |   576 |   931 ||  1948
       Rpst.: Long sword |       |       |    34 |    74 ||   108

Table legend:
 A = Spawn XP
 B = Non-spawn XP
 C = Spawn XP percentage of total XP
 D = Spawn monster count
 E = Non-spawn monster count
 F = Spawn count percentage of total count
 G = Total turns spent on level
                    A         B        C        D         E        F      G
               +---------+---------+-------+---------+---------+-------+---------
         Total |       0 |   34020 |   0.0 |       0 |     327 |   0.0 | 26401
               +---------+---------+-------+---------+---------+-------+---------
           D:1 |       0 |      43 |   0.0 |       0 |      22 |   0.0 |  1830
           D:2 |       0 |     170 |   0.0 |       0 |      24 |   0.0 |  1420
           D:3 |       0 |     219 |   0.0 |       0 |      29 |   0.0 |  1191
           D:4 |       0 |     839 |   0.0 |       0 |      14 |   0.0 |  2881
           D:5 |       0 |     700 |   0.0 |       0 |      27 |   0.0 |  2747
           D:6 |       0 |     726 |   0.0 |       0 |      19 |   0.0 |  2112
           D:7 |       0 |     425 |   0.0 |       0 |       7 |   0.0 |  1101
           D:8 |       0 |    6131 |   0.0 |       0 |      38 |   0.0 |  2488
           D:9 |       0 |    3240 |   0.0 |       0 |      30 |   0.0 |  2176
          D:10 |       0 |    3982 |   0.0 |       0 |      38 |   0.0 |  3309
          D:11 |       0 |    1787 |   0.0 |       0 |      21 |   0.0 |   931
          D:12 |       0 |    4520 |   0.0 |       0 |      23 |   0.0 |  1260
          D:13 |       0 |   11225 |   0.0 |       0 |      34 |   0.0 |  2713
        Temple |       0 |      13 |   0.0 |       0 |       1 |   0.0 |   242
               +---------+---------+-------+---------+---------+-------+---------
